[ AOE2 MATCH · #481925115 ]
1v1 RMItalians vs Vietnamese
Player's team · LOSS
[ REPLAY ANALYSIS · EXTRACTED FROM THE RECORDED GAME ]
Feudal
9:22
Castle
21:13
Imperial
37:21
| APM avg | 56.3 |
| APM peak | 96 |
| eAPM avg | 22.7 |
| Villagers / military | 150 / 83 |
Focus
⚔️ 29.2% · 🌾 70.8%
Archer ×38 · Scout Cavalry ×20 · Knight ×10 · Bombard Cannon ×4 · Militia ×3 · Trebuchet (Packed) ×3
Feudal
9:57
Castle
22:03
Imperial
35:06
| APM avg | 58.2 |
| APM peak | 216 |
| eAPM avg | 32.0 |
| Villagers / military | 148 / 149 |
Focus
⚔️ 32.5% · 🌾 67.5%
Skirmisher ×60 · Fire Lancer ×35 · Rattan Archer ×30 · Trebuchet (Packed) ×8 · Monk ×7 · Mangonel ×4
Match map
Initial resources + every placement click. Lines = walls · curves = elevation contours. ◆ gold · ⬟ stone · ● berries · ✦ relic · ◌ wall gap
Your base· Open — 1t gap
Math Masterson's base· Open — 4t gap
Smoothed initial terrain · ◌ = detected wall gap · hover for details
Inputs per minute
— Cranve - - Math Masterson
Build order — Cranve
First 150 of 405 actions detected
| 0:00 | Create | Villager (Male) |
| 0:00 | Create | Villager (Male) |
| 0:00 | Create | Villager (Male) |
| 0:02 | Build | House |
| 0:02 | Build | House |
| 0:20 | Create | Villager (Male) |
| 1:38 | Create | Villager (Male) |
| 1:51 | Build | Lumber Camp |
| 2:05 | Create | Villager (Male) |
| 2:21 | Create | Villager (Male) |
| 2:52 | Create | Villager (Male) |
| 3:17 | Create | Villager (Male) |
| 3:23 | Build | House |
| 3:24 | Build | House |
| 3:41 | Create | Villager (Male) |
| 3:58 | Build | Palisade Wall |
| 4:00 | Build | Palisade Wall |
| 4:04 | Create | Villager (Male) |
| 4:32 | Build | Mill |
| 4:42 | Create | Villager (Male) |
| 4:55 | Create | Villager (Male) |
| 5:04 | Create | Villager (Male) |
| 5:26 | Create | Villager (Male) |
| 5:27 | Research | Loom |
| 6:04 | Build | House |
| 6:48 | Create | Villager (Male) |
| 7:02 | Build | Barracks |
| 7:12 | Research | Feudal Age |
| 7:49 | Create | Militia |
| 7:49 | Create | Militia |
| 7:55 | Build | Palisade Wall |
| 8:11 | Build | Mining Camp |
| 8:12 | Create | Villager (Male) |
| 8:16 | Build | House |
| 8:44 | Create | Militia |
| 8:59 | Create | Villager (Male) |
| 9:22 | Age | Feudal Age |
| 9:23 | Build | Archery Range |
| 9:42 | Create | Villager (Male) |
| 10:24 | Create | Archer |
| 10:25 | Create | Archer |
| 10:27 | Build | Palisade Wall |
| 10:28 | Build | Palisade Wall |
| 10:46 | Create | Villager (Male) |
| 10:46 | Create | Villager (Male) |
| 10:54 | Build | Mill |
| 11:29 | Create | Villager (Male) |
| 11:36 | Create | Archer |
| 11:40 | Create | Villager (Male) |
| 11:43 | Build | Farm |
| 11:43 | Build | Farm |
| 11:43 | Build | Farm |
| 11:43 | Build | Farm |
| 11:44 | Build | Farm |
| 11:44 | Build | Farm |
| 11:44 | Build | Farm |
| 11:44 | Build | Farm |
| 12:00 | Build | Farm |
| 12:06 | Create | Archer |
| 12:23 | Create | Villager (Male) |
| 12:46 | Create | Archer |
| 12:55 | Build | House |
| 12:58 | Create | Archer |
| 13:00 | Create | Villager (Male) |
| 13:00 | Create | Villager (Male) |
| 13:06 | Build | Lumber Camp |
| 13:23 | Create | Villager (Male) |
| 13:27 | Create | Archer |
| 13:30 | Build | House |
| 13:54 | Create | Villager (Male) |
| 14:04 | Create | Villager (Male) |
| 14:08 | Create | Archer |
| 14:26 | Create | Villager (Male) |
| 14:29 | Build | House |
| 14:31 | Research | Double-Bit Axe |
| 14:55 | Create | Villager (Male) |
| 15:00 | Build | Blacksmith |
| 15:03 | Build | House |
| 15:05 | Build | Palisade Wall |
| 15:06 | Build | Palisade Wall |
| 15:07 | Create | Villager (Male) |
| 15:33 | Create | Archer |
| 15:33 | Create | Archer |
| 15:55 | Create | Villager (Male) |
| 16:01 | Build | Farm |
| 16:03 | Build | Farm |
| 16:05 | Build | Farm |
| 16:29 | Research | Fletching |
| 16:30 | Create | Villager (Male) |
| 17:16 | Create | Villager (Male) |
| 17:22 | Build | Archery Range |
| 17:24 | Build | Palisade Wall |
| 17:26 | Build | Palisade Wall |
| 17:27 | Build | Palisade Wall |
| 17:31 | Create | Archer |
| 17:32 | Create | Archer |
| 17:35 | Create | Villager (Male) |
| 18:02 | Build | Mining Camp |
| 18:08 | Create | Villager (Male) |
| 18:29 | Research | Castle Age |
| 18:29 | Research | Castle Age |
| 18:41 | Research | Padded Archer Armor |
| 18:48 | Create | Villager (Male) |
| 19:05 | Build | Stable |
| 19:41 | Build | Farm |
| 19:41 | Build | Farm |
| 19:41 | Build | Farm |
| 19:41 | Build | Farm |
| 19:41 | Build | Farm |
| 19:42 | Build | Farm |
| 19:42 | Build | Farm |
| 19:49 | Research | Horse Collar |
| 19:59 | Build | Farm |
| 19:59 | Create | Villager (Male) |
| 20:05 | Research | Bloodlines |
| 20:30 | Build | House |
| 20:32 | Build | House |
| 20:43 | Research | Scale Barding Armor |
| 21:13 | Age | Castle Age |
| 21:16 | Create | Knight |
| 21:30 | Create | Knight |
| 21:30 | Create | Villager (Male) |
| 21:44 | Create | Knight |
| 22:08 | Build | Siege Workshop |
| 22:10 | Create | Villager (Male) |
| 22:14 | Create | Knight |
| 22:25 | Build | Farm |
| 22:28 | Create | Villager (Male) |
| 22:29 | Create | Villager (Male) |
| 22:42 | Build | Lumber Camp |
| 22:59 | Build | House |
| 23:07 | Create | Villager (Male) |
| 23:23 | Research | Crossbowman (upgrade) |
| 23:27 | Create | Mangonel |
| 23:33 | Build | House |
| 23:43 | Research | Bodkin Arrow |
| 24:09 | Create | Villager (Male) |
| 24:10 | Create | Villager (Male) |
| 24:23 | Build | Castle |
| 24:33 | Build | Mining Camp |
| 24:33 | Create | Villager (Male) |
| 24:33 | Create | Villager (Male) |
| 24:58 | Create | Villager (Male) |
| 25:02 | Build | University |
| 25:09 | Create | Archer |
| 25:09 | Create | Archer |
| 25:10 | Create | Archer |
| 25:10 | Create | Villager (Male) |
| 25:12 | Create | Archer |
| 25:12 | Create | Archer |
Build order — Math Masterson
First 150 of 508 actions detected
| 0:17 | Create | Villager (Male) |
| 0:18 | Create | Villager (Male) |
| 0:18 | Create | Villager (Male) |
| 0:18 | Create | Villager (Male) |
| 0:18 | Create | Villager (Male) |
| 0:19 | Build | House |
| 0:20 | Build | House |
| 1:56 | Create | Villager (Male) |
| 1:56 | Create | Villager (Male) |
| 2:02 | Build | Lumber Camp |
| 2:10 | Create | Villager (Male) |
| 2:11 | Create | Villager (Male) |
| 2:11 | Create | Villager (Male) |
| 2:39 | Create | Villager (Male) |
| 2:40 | Create | Villager (Male) |
| 2:40 | Create | Villager (Male) |
| 3:02 | Create | Villager (Male) |
| 3:02 | Create | Villager (Male) |
| 3:31 | Create | Villager (Male) |
| 3:31 | Create | Villager (Male) |
| 3:46 | Build | House |
| 3:51 | Create | Villager (Male) |
| 3:51 | Create | Villager (Male) |
| 4:19 | Create | Villager (Male) |
| 4:19 | Create | Villager (Male) |
| 4:19 | Create | Villager (Male) |
| 4:46 | Build | Mill |
| 5:03 | Create | Villager (Male) |
| 5:07 | Create | Villager (Male) |
| 5:37 | Create | Villager (Male) |
| 5:57 | Create | Villager (Male) |
| 6:38 | Research | Loom |
| 7:45 | Build | Lumber Camp |
| 7:48 | Research | Feudal Age |
| 7:48 | Research | Feudal Age |
| 8:26 | Create | Villager (Male) |
| 8:38 | Build | Barracks |
| 8:45 | Build | House |
| 8:51 | Create | Villager (Male) |
| 9:21 | Create | Villager (Male) |
| 9:52 | Create | Villager (Male) |
| 9:57 | Age | Feudal Age |
| 10:02 | Build | Archery Range |
| 10:20 | Build | House |
| 10:23 | Build | House |
| 10:31 | Create | Villager (Male) |
| 10:44 | Create | Archer |
| 10:44 | Create | Skirmisher |
| 10:47 | Build | Mill |
| 11:02 | Create | Villager (Male) |
| 11:30 | Create | Skirmisher |
| 11:30 | Create | Villager (Male) |
| 11:35 | Research | Horse Collar |
| 11:35 | Research | Horse Collar |
| 11:37 | Build | Farm |
| 11:38 | Build | Farm |
| 11:38 | Build | Farm |
| 11:38 | Build | Farm |
| 11:39 | Build | Farm |
| 11:39 | Build | Farm |
| 11:41 | Create | Villager (Male) |
| 11:51 | Create | Skirmisher |
| 11:55 | Build | Farm |
| 12:07 | Research | Double-Bit Axe |
| 12:25 | Create | Villager (Male) |
| 12:27 | Build | Farm |
| 12:32 | Create | Skirmisher |
| 12:32 | Create | Skirmisher |
| 12:44 | Create | Skirmisher |
| 12:54 | Create | Villager (Male) |
| 12:54 | Create | Villager (Male) |
| 12:59 | Build | Farm |
| 13:04 | Build | House |
| 13:07 | Create | Skirmisher |
| 13:08 | Create | Skirmisher |
| 13:22 | Build | Farm |
| 13:30 | Create | Villager (Male) |
| 13:34 | Build | House |
| 13:36 | Create | Skirmisher |
| 13:37 | Create | Skirmisher |
| 13:49 | Create | Villager (Male) |
| 14:03 | Create | Villager (Male) |
| 14:05 | Build | Farm |
| 14:08 | Build | Farm |
| 14:18 | Create | Villager (Male) |
| 14:25 | Build | Blacksmith |
| 14:49 | Create | Villager (Male) |
| 14:50 | Create | Skirmisher |
| 15:02 | Build | Lumber Camp |
| 15:10 | Create | Skirmisher |
| 15:37 | Create | Villager (Male) |
| 15:39 | Build | House |
| 15:47 | Build | House |
| 15:55 | Build | Mining Camp |
| 15:57 | Create | Skirmisher |
| 15:57 | Create | Villager (Male) |
| 16:06 | Build | Farm |
| 16:21 | Build | Farm |
| 16:21 | Create | Villager (Male) |
| 16:32 | Build | Farm |
| 16:40 | Build | Palisade Wall |
| 16:42 | Build | Palisade Wall |
| 16:47 | Create | Villager (Male) |
| 16:52 | Research | Padded Archer Armor |
| 17:03 | Build | Farm |
| 17:16 | Build | Farm |
| 17:19 | Build | Farm |
| 17:21 | Create | Villager (Male) |
| 17:24 | Build | Farm |
| 17:33 | Create | Villager (Male) |
| 17:40 | Build | Farm |
| 17:53 | Build | Farm |
| 17:54 | Research | Wheelbarrow |
| 18:03 | Build | House |
| 18:05 | Build | House |
| 18:50 | Create | Villager (Male) |
| 18:56 | Build | Farm |
| 19:05 | Build | House |
| 19:23 | Research | Castle Age |
| 19:23 | Research | Castle Age |
| 19:51 | Research | Fletching |
| 19:51 | Research | Fletching |
| 20:10 | Build | House |
| 20:13 | Research | Gold Mining |
| 20:14 | Research | Gold Mining |
| 20:43 | Build | Archery Range |
| 21:24 | Build | Palisade Wall |
| 22:00 | Build | Palisade Wall |
| 22:03 | Age | Castle Age |
| 22:06 | Build | Palisade Wall |
| 22:07 | Research | Bow Saw |
| 22:11 | Build | Town Center |
| 22:13 | Build | Monastery |
| 22:16 | Research | Elite Skirmisher (upgrade) |
| 22:17 | Research | Bodkin Arrow |
| 22:20 | Create | Villager (Male) |
| 22:29 | Build | Palisade Gate |
| 22:33 | Create | Villager (Male) |
| 22:33 | Create | Villager (Male) |
| 22:39 | Research | Heavy Plow |
| 22:56 | Create | Villager (Male) |
| 22:56 | Create | Villager (Male) |
| 23:05 | Create | Villager (Male) |
| 23:07 | Create | Monk |
| 23:07 | Create | Monk |
| 23:20 | Build | Palisade Gate |
| 23:29 | Create | Skirmisher |
| 23:29 | Create | Skirmisher |
| 23:32 | Build | Siege Workshop |
| 23:42 | Create | Skirmisher |
Match timeline
| 3:58 | Cranve · wall_segment Palisade Wall x1 |
| 4:00 | Cranve · wall_segment Palisade Wall x1 |
| 7:02 | Cranve · first_building Barracks |
| 7:55 | Cranve · wall_segment Palisade Wall x3 |
| 8:38 | Math Masterson · first_building Barracks |
| 9:22 | Cranve · age_up feudal |
| 9:23 | Cranve · first_building Archery Range |
| 9:57 | Math Masterson · age_up feudal |
| 10:02 | Math Masterson · first_building Archery Range |
| 10:27 | Cranve · wall_segment Palisade Wall x3 |
| 10:28 | Cranve · wall_segment Palisade Wall x3 |
| 15:05 | Cranve · wall_segment Palisade Wall x7 |
| 15:06 | Cranve · wall_segment Palisade Wall x6 |
| 16:40 | Math Masterson · wall_segment Palisade Wall x5 |
| 16:42 | Math Masterson · wall_segment Palisade Wall x4 |
| 17:24 | Cranve · wall_segment Palisade Wall x2 |
| 17:26 | Cranve · wall_segment Palisade Wall x1 |
| 17:27 | Cranve · wall_segment Palisade Wall x2 |
| 19:05 | Cranve · first_building Stable |
| 21:13 | Cranve · age_up castle |
| 21:24 | Math Masterson · wall_segment Palisade Wall x1 |
| 22:00 | Math Masterson · wall_segment Palisade Wall x8 |
| 22:03 | Math Masterson · age_up castle |
| 22:06 | Math Masterson · wall_segment Palisade Wall x9 |
| 22:08 | Cranve · first_building Siege Workshop |
| 22:13 | Math Masterson · first_building Monastery |
| 23:32 | Math Masterson · first_building Siege Workshop |
| 24:23 | Cranve · first_building Castle |
| 29:19 | Cranve · first_market_sell 100 wood |
| 29:27 | Cranve · first_market_buy 100 stone |
| 29:35 | Math Masterson · first_market_buy 100 stone |
| 30:17 | Math Masterson · first_building Castle |
| 31:56 | Math Masterson · first_market_sell 100 food |
| 32:55 | Cranve · first_building Monastery |
| 33:19 | Math Masterson · wall_segment Palisade Wall x1 |
| 35:06 | Math Masterson · age_up imperial |
| 37:21 | Cranve · age_up imperial |
| 46:56 | Cranve · resign |
[ AI ANALYSIS · 1 CREDIT ]
What really happened in this match?
Wolo.gg analyzes every decision: build order, eco, micro, common mistakes by bracket. Personalized analysis on WhatsApp or Discord in 30 seconds.
Civ guide
Italians
Map guide
Arabia
Perfil
Cranve